Map: Prion Terraces

Players

ProtossFTW - Winner!

  • Race: Protoss Protoss

ImmortalZodd

  • Race: Zerg Zerg
  • League: Silver

VOD

Have the link to the VOD?

Description

Time

  • Played on: Jan. 29, 2016, 9:15 p.m.
  • Length: 11:07
Show
View Real Time Build Order
Export as new Build Order

ProtossFTW Protoss - Winner!

Build Orders:  

Get SALT Encoding   

  12  0:04  Probe (Chrono Boost)  
  13  0:18  Pylon  
  14  0:21  Probe (Chrono Boost)  
  14  0:32  Probe (Chrono Boost)  
  15  0:42  Probe (Chrono Boost)  
  16  0:44  Gateway  
  16  0:53  Gateway  
  16  0:58  Probe (Chrono Boost)  
  17  1:08  Probe (Chrono Boost)  
  17  1:10  Assimilator  
  18  1:19  Assimilator  
  18  1:21  Probe (Chrono Boost)  
  19  1:26  Pylon  
  19  1:32  Probe (Chrono Boost)  
  20  1:42  Cybernetics Core  
  20  1:44  Zealot (Chrono Boost)  
  23  1:54  Probe (Chrono Boost)  
  23  2:11  Pylon  
  23  2:19  Warp Gate (Chrono Boost)  
  23  2:29  Probe, Adept (Chrono Boost)  
  28  2:33  Adept (Chrono Boost)  
  28  2:43  Mothership Core  
  26  4:25  Nexus  
  26  4:27  Gateway  
  26  4:29  Gateway  
  26  4:33  Gateway  
  26  4:36  Stargate  
  26  4:45  Assimilator  
  26  4:50  Assimilator  
  26  4:59  Stalker x2  
  30  5:14  Probe  
  31  5:24  Twilight Council  
  31  5:34  Pylon  
  31  5:37  Probe, Pylon  
  31  5:40  Pylon  
  32  5:43  Probe  
  32  5:49  Probe  
  34  5:53  Probe  
  34  5:54  Stalker  
  34  5:55  Stalker  
  34  5:57  Stalker  
  41  5:58  Stalker  
  41  5:59  Stalker  
  41  6:01  Probe  
  41  6:04  Probe  
  47  6:13  Probe, Blink (Chrono Boost)  
  47  6:14  Probe  
  49  6:25  Stalker, Probe x2  
  51  6:27  Stalker x2  
  51  6:30  Sentry  
  59  6:35  Probe  
  60  6:40  Stalker  
  60  6:46  Probe  
  63  6:56  Probe  
  64  7:07  Probe, Oracle  
  68  7:17  Probe  
  69  7:28  Probe  
  70  7:46  Pylon  
  70  7:47  Pylon  
  70  7:48  Pylon  
  70  7:52  Pylon  
  70  7:56  Pylon  
  70  8:03  Probe  
  70  8:05  Robotics Facility  
  71  8:07  Robotics Facility  
  71  8:08  Charge (Chrono Boost)  
  71  8:13  Probe  
  72  8:22  Pylon  
  72  8:23  Pylon  
  72  8:24  Probe  
  72  8:26  Pylon  
  73  8:29  Oracle  
  76  8:59  Robotics Bay  
  76  9:02  Warp Prism  
  78  9:08  Nexus  
  78  9:10  Stalker x2  
  78  9:12  Stalker  
  78  9:14  Stalker  
  78  9:15  Stalker  
  88  9:46  Disruptor x2  
  88  9:49  Zealot x2  
  88  9:50  Zealot x3  
  102  10:21  Disruptor  
  77  11:00  Stalker x3  
  77  11:01  Stalker  
  85  11:07  Assimilator  
Show
View Real Time Build Order
Export as new Build Order

ImmortalZodd Zerg 

Build Orders: Hatch First 

Get SALT Encoding   

  12  0:02  Drone  
  13  0:08  Drone  
  14  0:14  Extractor  
  14  0:16  Drone  
  15  0:22  Overlord  
  15  0:50  Drone  
  15  0:53  Hatchery  
  15  0:56  Drone  
  16  0:57  Extractor  
  16  1:00  Drone  
  16  1:09  Drone  
  17  1:15  Drone  
  18  1:30  Spawning Pool  
  18  1:32  Drone  
  18  1:35  Drone  
  19  1:45  Drone  
  20  1:55  Overlord  
  20  2:11  Drone  
  20  2:12  Drone  
  22  2:17  Metabolic Boost  
  22  2:18  Queen  
  22  2:20  Queen  
  26  2:23  Drone  
  26  2:26  Zergling x2  
  28  2:32  Drone x2  
  30  2:38  Drone x2  
  32  2:49  Drone x2  
  34  3:08  Drone x2  
  36  3:19  Overlord x2  
  34  3:33  Zergling x4  
  35  3:34  Zergling x2  
  33  3:46  Zergling x2  
  33  3:47  Zergling x8  
  32  4:16  Drone  
  33  4:17  Drone x5  
  37  4:36  Zergling x4  
  39  4:38  Queen  
  39  4:40  Lair  
  41  4:46  Drone x5  
  41  4:49  Extractor  
  41  4:52  Roach Warren  
  44  4:56  Extractor  
  42  5:29  Hatchery  
  42  5:33  Roach  
  42  5:34  Roach x4  
  51  5:39  Glial Reconstitution  
  51  5:45  Evolution Chamber  
  51  5:49  Evolution Chamber, Roach  
  51  6:13  Overlord x2  
  51  6:14  Overlord x3  
  51  6:16  Zerg Missile Weapons Level 1  
  51  6:23  Zerg Ground Armor Level 1  
  51  6:48  Drone x2  
  51  6:49  Drone x9  
  51  6:50  Drone x3  
  65  6:56  Roach x2  
  69  7:07  Drone x2  
  69  7:08  Drone x6  
  74  7:13  Roach  
  79  7:16  Roach  
  79  7:17  Roach x4  
  91  7:30  Roach x3  
  91  7:34  Hydralisk Den  
  94  7:41  Extractor  
  93  7:48  Roach  
  93  7:49  Roach  
  93  7:50  Overlord  
  93  7:51  Overlord x6  
  97  8:07  Baneling Nest  
  97  8:08  Hydralisk  
  97  8:09  Hydralisk x3  
  104  8:28  Hydralisk  
  104  8:29  Hydralisk x2  
  110  8:36  Hydralisk  
  112  8:49  Hydralisk x2  
  112  8:50  Hydralisk  
  118  8:59  Extractor  
  118  9:02  Extractor  
  116  9:03  Drone x8  
  116  9:04  Overlord x3  
  116  9:05  Overlord x3  
  124  9:17  Hydralisk x5  
  134  9:27  Zergling x6  
  137  9:33  Zergling x2  
  137  9:36  Baneling  
  137  9:37  Baneling x10  
  138  9:49  Hydralisk x3  
  90  10:40  Hydralisk x5  
  90  10:41  Hydralisk x4  
Tags
 
Add a new tag
Caveats
  • Supply blocks, unpowered buildings, or Contaminate may cause inaccurate times.
  • Supply counts are checked every 10 seconds.